 Dungeon Crawl Stone Soup version 0.30.1-4-g462c640d31 (webtiles) character file.

Game seed: 4387241967104819640

9 growler the Trooper (level 2, 8/23 HPs)
             Began as a Demonspawn Gladiator on Aug 20, 2023.
             Quit the game on level 1 of the Dungeon.
             The game lasted 00:00:28 (72 turns).

growler the Trooper (Demonspawn Gladiator)            Turns: 72, Time: 00:00:29

Health: 8/23       AC:  3    Str: 14    XL:     2   Next: 6%
Magic:  2/2        EV: 12    Int:  9    God:
Gold:   8          SH:  0    Dex: 14    Spells: 1/1 levels left

rFire   . . .        a - +0 war axe
rCold   . . .        (no shield)
rNeg    . . .        b - +0 leather armour
rPois   .            (helmet restricted)
rElec   .            (no cloak)
rCorr   .            (no gloves)
SInv    .            (no boots)
Will    .....        (no amulet)
Stlth   +            (no ring)
HPRegen 0.23/turn    (no ring)
MPRegen 0.08/turn

%: no passive effects
@: no status effects
A: horns 1
a: no special abilities


You were on level 1 of the Dungeon.
You visited 1 branch of the dungeon, and saw 1 of its levels.

You collected 8 gold pieces.

Inventory:

Hand Weapons
 a - a +0 war axe (weapon)
Missiles
 d - 3 throwing nets (quivered)
 e - a javelin
Armour
 b - a +0 leather armour (worn)
 c - a +0 helmet


   Skills:
 + Level 2.8 Fighting
 - Level 2.6 Axes
 - Level 1.7 Throwing
 - Level 2.6 Dodging


You had one spell level left.
You didn't know any spells.
Your spell library was empty.

Dungeon Overview and Level Annotations

Branches:
Dungeon (1/15)

Altars:


Innate Abilities, Weirdness & Mutations

You have a pair of small horns on your head.


Message History

The dart slug bites you but does no damage.
You hit the jackal but do no damage. You hit the dart slug. You hit the jackal.
The jackal barely misses you.
The jackal bites you but does no damage.
The jackal barely misses you. The jackal closely misses you.
You barely miss the dart slug.
The dart slug is moderately wounded.
You closely miss the jackal. You hit the jackal. The jackal bites you. x2
The dart slug launches a dart at you. The slug dart hits you.
The jackal bites you.
You are too injured to fight recklessly!
You are too injured to fight recklessly!
You are too injured to fight recklessly!
Unknown command.
You hit the dart slug but do no damage.
The dart slug is moderately wounded.
You closely miss the jackal. You barely miss the jackal.
The jackal bites you but does no damage.
The jackal barely misses you. The jackal closely misses you.
The dart slug bites you.
* * * LOW HITPOINT WARNING * * *
The jackal bites you but does no damage.
You barely miss the dart slug.
The dart slug is moderately wounded.
You hit the jackal.
You kill the jackal!
You slash the jackal!
You kill the jackal!
The dart slug launches a dart at you. The slug dart misses you.
You slash the dart slug!
You kill the dart slug!
The hobgoblin barely misses you.
You have reached level 2!
Your demonic ancestry asserts itself...
A pair of horns grows on your head!
Your +0 helmet falls away!
Are you sure you want to abandon this character and quit the game? (Confirm with "yes".)
Okay, then.
Are you sure you want to abandon this character and quit the game? (Confirm with "yes".)

###########(###
...............##.#
...............##.#
...............##.#
............(..†..#
..........)....##.#
#..?.........##.#
#...†........##..
#...g@......###...
#...†.........#....
#.............#.....
#.............#......
+..........†..#
#.$..........##
#########.#....
#.#.#.# .......


You could see a hobgoblin.

Vanquished Creatures
  A dart slug (D:1)
  A hobgoblin (D:1)
  2 jackals (D:1)
  A quokka (D:1)
  2 bats (D:1)
7 creatures vanquished.

Notes
Turn   | Place    | Note
-------+----------+-------------------------------------------
     0 | D:1      | growler the Demonspawn Gladiator began the quest for the
                  | Orb.
     0 | D:1      | Reached XP level 1. HP: 16/16 MP: 1/1
    72 | D:1      | Gained mutation: You have a pair of small horns on your
                  | head. [demonic ancestry]
    72 | D:1      | Reached XP level 2. HP: 8/23 MP: 2/2
    72 | D:1      | Quit the game

Illustrated notes

Levels and vault maps discovered:
D:1:      elethiomel_arrival_maze, layout_basic

Action                     || total
---------------------------++-------
  Melee: War axe           ||    16
 Armour: Leather armour    ||     7
  Dodge: Dodged            ||    20
